 Dungeon Crawl Stone Soup version 0.28.0-43-g3370ac3207 (webtiles) character file.

Game seed: 11765693894066199399

150 pkoi the Gusty (level 5, 0/27 HPs)
             Began as an Octopode Air Elementalist on Mar 17, 2022.
             Slain by an adder (5 damage)
             ... on level 3 of the Dungeon.
             The game lasted 00:04:51 (4181 turns).

pkoi the Gusty (Octopode Air Elementalist)          Turns: 4181, Time: 00:04:51

Health: 0/27       AC:  1    Str:  7    XL:     5   Next: 32%
Magic:  8/8        EV: 17    Int: 20    God:
Gold:   46         SH:  0    Dex: 14    Spells: 3/8 levels left

rFire   . . .      SeeInvis .   a - +1 dagger
rCold   . . .      Faith    .   (no shield)
rNeg    . . .      Spirit   .   (helmet restricted)
rPois   .          Reflect  .   c - amulet of magic regeneration
rElec   .          Harm     .   g - ring "Nuohafro" {EV+4 Dex+2}
rCorr   .          Rampage  .   (no ring)
Will    .....                   (no ring)
Stlth   +++.......              (no ring)
HPRegen 0.09/turn               (no ring)
MPRegen 0.51/turn               (no ring)
                                (no ring)
                                (no ring)

@: lethally poisoned (0 -> -5)
A: almost no armour, amphibious, 8 rings, camouflage 1, gelatinous body 1,
(nimble swimmer 1), tentacles, frail 1
a: no special abilities


You were on level 3 of the Dungeon.
You visited 1 branch of the dungeon, and saw 3 of its levels.

You collected 46 gold pieces.

Inventory:

Hand Weapons
 a - a +1 dagger (weapon)
Missiles
 b - 2 boomerangs of dispersal
Jewellery
 c - an amulet of magic regeneration (around mantle)
 g - the ring "Nuohafro" (left tentacle) {EV+4 Dex+2}
   (You acquired it on level 3 of the Dungeon)

   [ring of evasion]

   EV:        It affects your evasion (+4).
   Dex:       It affects your dexterity (+2).
Wands
 j - a wand of digging (4)
Scrolls
 f - a scroll of magic mapping
 i - 2 scrolls of teleportation
 l - a scroll of identify
Potions
 d - a potion of mutation
 e - a potion of flight
 h - a potion of might
 k - a potion of ambrosia


   Skills:
 - Level 2.0 Dodging
 - Level 2.6 Stealth
 - Level 2.0 Spellcasting
 - Level 1.0 Conjurations
 + Level 5.8 Air Magic


You had 3 spell levels left.
You knew the following spells:

 Your Spells              Type           Power      Damage    Failure   Level
a - Shock                 Conj/Air       60%        1d6       3%          1
b - Airstrike             Air            12%        N/A       14%         4

Your spell library contained the following spells:

 Spells                   Type           Power      Damage    Failure   Level
 Swiftness                Air            25%        N/A       4%          3
 Static Discharge         Conj/Air       15%        N/A       6%          2
 Ozocubu's Armour         Ice            2%         N/A       43%         3
 Metabolic Englaciation   Hex/Ice        1%         N/A       99%         5
 Simulacrum               Ice/Necr       1%         N/A       100%        6


Dungeon Overview and Level Annotations

Branches:
Dungeon (3/15)

Altars:
Qazlal

Annotations:
D:2 1 runed translucent door, Crazy Yiuf


Innate Abilities, Weirdness & Mutations

You cannot wear most types of armour.
You are amphibious.
You can wear up to eight rings at the same time.
Your skin changes colour to match your surroundings (Stealth+).
Your rubbery body absorbs attacks. (AC +1, EV +1)
((You are camouflaged when in or above water. (Stealth+)))
You have tentacles for arms and can constrict up to eight enemies at once.
You are frail. (-10% HP)


Message History

Your squeeze misses the adder.
The adder is heavily wounded.
You feel sick. The adder bites you but does no damage.
Unknown command.
You feel sick. The adder closely misses you.
Aiming: Shock (safe; 3% risk of failure)
Press: ? - help, Q - select action, (/) - cycle Shift-Dir - straight line That beam is likely to hit you.
Continue anyway?
Okay, then.
Unknown command.
You hit the adder but do no damage. Your grab misses the adder.
The adder is heavily wounded.
You feel sick. The adder completely misses you.
Your dart slug launches a dart at the adder.
The slug dart misses the adder.
The adder bites you.
* * * LOW HITPOINT WARNING * * *
You are more poisoned.
The adder poisons you!
You feel very sick.
Your dart slug dissolves into shadows!
You closely miss the adder. Your grab misses the adder.
The adder is heavily wounded.
You feel sick. The adder closely misses you.
You hit the adder but do no damage. Your grab misses the adder.
The adder is heavily wounded.
You feel sick. The adder bites you.
* * * LOW HITPOINT WARNING * * *
You are more poisoned.
The adder poisons you! The adder bites you.
* * * LOW HITPOINT WARNING * * *
You hit the adder. Your grab misses the adder.
The adder is severely wounded.
* * * LOW HITPOINT WARNING * * *
You feel sick. The adder misses you.
Unknown command.
It was a potion of mutation.
You feel extremely strange.
You feel frail.
* * * LOW HITPOINT WARNING * * *
You feel sick. The adder bites you.
You die...

###******* #..,,,,,,*
#.#*****,* #####
#.#####*,* #...######
#.#...,,,*
....#....####.#.#***,*
....#..........S#######
.........>###.##@.....#
#...###.#.# #....####.#
#...###.#.#*######***,*
#....##.#..,,,,,,,,,,,*
##...##.#.##***********
........#.#
.....####.#******
...(..,,,..,,,,,*
...##..,,,,****,*


You could see an adder.

Vanquished Creatures
  Jessica (D:2)
  Robin (D:2)
  3 adders (D:2)
  An adder skeleton (D:2)
  2 worms
  A dart slug (D:3)
  7 bats
  6 endoplasms
  4 giant cockroaches
  13 goblins
  5 hobgoblins
  3 jackals
  3 quokkas
  5 ball pythons
  5 frilled lizards (D:1)
  4 kobolds
  9 rats
73 creatures vanquished.

Notes
Turn   | Place    | Note
-------+----------+-------------------------------------------
     0 | D:1      | pkoi the Octopode Air Elementalist began the quest for the
                  | Orb.
     0 | D:1      | Reached XP level 1. HP: 11/11 MP: 3/3
    83 | D:1      | You fall into a shaft and drop 1 floor!
   118 | D:2      | Reached XP level 2. HP: 10/17 MP: 3/5
   660 | D:2      | Reached skill level 4 in Air Magic
   793 | D:2      | Reached XP level 3. HP: 10/21 MP: 1/6
  1180 | D:1      | Found a faded altar of an unknown god.
  1631 | D:2      | Noticed Jessica
  1637 | D:2      | Killed Jessica
  1638 | D:2      | Reached skill level 5 in Air Magic
  1638 | D:2      | Reached XP level 4. HP: 27/27 MP: 0/7
  2066 | D:2      | Learned a level 4 spell: Airstrike
  2394 | D:2      | Noticed Robin
  3132 | D:2      | Found a runed translucent door.
  3133 | D:2      | Noticed Crazy Yiuf
  3198 | D:2      | Reached XP level 5. HP: 31/31 MP: 6/8
  3253 | D:2      | Found a stormy altar of Qazlal.
  3595 | D:2      | Killed Robin
  3761 | D:3      | Identified a scroll of acquirement
  3761 | D:3      | Acquired the ring "Nuohafro" {EV+4 Dex+2}
  4181 | D:3      | Gained mutation: You are frail. (-10% HP) [potion of
                  | mutation]
  4181 | D:3      | Slain by an adder

Illustrated notes

Levels and vault maps discovered:
D:1:      dpeg_arrival_castle, layout_rooms, ebering_ecumenical_altar_webs,
          minmay_surrounded
D:2:      layout_basic, basic_altar, minmay_close_crescents, uniq_robin,
          uniq_crazy_yiuf_cottage, uniq_jessica
D:3:      layout_basic

Skill      XL: |  1  2  3 |
---------------+----------+-----
Air Magic      | 4 5 |  5.8
Dodging        | |  2.0
Stealth        | |  2.6
Spellcasting   | |  2.0
Conjurations   | |  1.0

Action                   |  1- 3 |  4- 6 || total
-------------------------+-------+-------++-------
Melee: Dagger            |    17 |    28 ||    45
       Unarmed           |     5 |       ||     5
       Constrict         |     7 |     5 ||    12
       Tentacles         |     6 |     8 ||    14
       Punch             |     1 |       ||     1
 Cast: Shock             |    50 |    75 ||   125
  Use: Scroll            |     3 |     5 ||     8
       Potion            |       |     1 ||     1
 Stab: Sleeping          |     1 |       ||     1
Armor: Skin              |       |     2 ||     2
Dodge: Dodged            |    19 |    60 ||    79
